 Dungeon Crawl Stone Soup version 0.32-a0-136-gc02482bde3 (webtiles) character file.

Game seed: 5973756111346621800

1025 Ceno the Changeling (level 8, 0/54 HPs)
             Began as an Octopode Shapeshifter on Feb 10, 2024.
             Was an Initiate of Gozag.
             Slain by an ogre
             ... wielding a +0 giant club
              (32 damage)
             ... on level 5 of the Dungeon.
             The game lasted 00:08:52 (3512 turns).

Ceno the Changeling (Octopode Shapeshifter)         Turns: 3512, Time: 00:08:53

Health: 0/54       AC:  1    Str: 16    XL:     8   Next: 23%
Magic:  8/8        EV: 13    Int: 12    God:    Gozag
Gold:   319        SH:  0    Dex: 11    Spells: 7/7 levels left

rFire   + .          .
                       - Unarmed
rCold   . . .        (no shield)
rNeg    . . .        (helmet currently unavailable)
rPois   .            (no amulet)
rElec   .            d - ring of protection from fire
rCorr   .            (no ring)
SInv    .            (no ring)
Will    .....        (no ring)
Stlth   ++           (no ring)
HPRegen 0.29/turn    (no ring)
MPRegen 0.11/turn    (no ring)
                     (no ring)

%: no passive effects
@: beast-form
A: beast (slay +3), almost no armour, amphibious, 8 rings, camouflage 1,
gelatinous body 1, (nimble swimmer 1), tentacles
a: Begin Untransformation, Renounce Religion, Potion Petition, Call Merchant,
Bribe Branch


You were on level 5 of the Dungeon.
You worshipped Gozag.
Gozag was aware of your devotion.
You were a hulking beast.
You visited 2 branches of the dungeon, and saw 6 of its levels.

You collected 341 gold pieces.
You paid 22 gold pieces to Gozag.

Inventory:

Missiles
 h - 19 stones (quivered)
Armour
 k - a +1 hat
Jewellery
 d - a ring of protection from fire (left tentacle)
 s - a ring of magical power
Talismans
 b - a beast talisman
 c - a flux talisman
Scrolls
 e - a scroll of revelation {unknown}
 g - a scroll of enchant armour {unknown}
 i - a scroll of blinking {unknown}
 q - 3 scrolls of amnesia {unknown}
 r - a scroll of noise {unknown}
 t - a scroll of fear {unknown}
Potions
 f - 2 potions of degeneration
 j - a potion of cancellation
 l - a potion of attraction
 m - 2 potions of curing
 n - a potion of enlightenment
 o - a potion of magic {unknown}
 p - a potion of mutation {unknown}


   Skills:
 + Level 4.6 Fighting
 - Level 2.0 Dodging
 + Level 5.4 Unarmed Combat
 * Level 6.8 Shapeshifting


You had 7 spell levels left.
You didn't know any spells.
Your spell library contained the following spells:

 Spells                   Type           Power      Damage    Failure   Level
 Call Canine Familiar     Summ           0%         N/A       69%         3
 Sigil of Binding         Hex            0%         N/A       69%         3
 Tukima's Dance           Hex            0%         N/A       69%         3
 Dimensional Bullseye     Hex/Tloc       0%         N/A       97%         4
 Iskenderun's Mystic Bla  Conj/Tloc      0%         2d3       97%         4


Dungeon Overview and Level Annotations

Branches:
Dungeon (5/15)             Temple (1/1) D:4

Altars:
Ashenzari
Elyvilon
Gozag
Hepliaklqana
Kikubaaqudgha
Nemelex Xobeh
Uskayaw
Xom
Yredelemnul
Zin
The Shining One

Shops:
D:1 *   D:2 [

Annotations:
D:4 1 runed translucent door, Crazy Yiuf
D:5 Sigmund


Innate Abilities, Weirdness & Mutations

You are a hulking beast.
Your limbs bulge with bestial killing power. (Slay +3)
You cannot wear most types of armour.
You are amphibious.
You can wear up to eight rings at the same time.
Your skin changes colour to match your surroundings (Stealth+).
Your rubbery body absorbs attacks. (AC +1, EV +1)
((You are camouflaged when in or above water. (Stealth+)))
You have tentacles for arms and can constrict up to eight enemies at once.


Message History

You miss the killer bee.
The killer bee is moderately wounded.
The killer bee stings you but does no damage. x2
You hit the killer bee.
The killer bee is heavily wounded.
The killer bee stings you but does no damage.
You pummel the killer bee!!
You kill the killer bee!
You start resting.
Your transformation is almost over.
You feel less wooden.
You turn into a hulking beast.
You start resting.
HP restored.
You now have 270 gold pieces (gained 23).
You now have 277 gold pieces (gained 7).
You now have 284 gold pieces (gained 7).
Things that are here:
a +0 hand axe; a +0 robe You now have 298 gold pieces (gained 14).
You now have 312 gold pieces (gained 14).
You now have 319 gold pieces (gained 7).
An ogre and an iguana come into view.
The ogre shouts!
The ogre moves out of view.
The ogre barely misses you.
You tentacle-slap the ogre but do no damage.
You tentacle-slap the ogre. You squeeze the ogre!
The ogre is almost dead.
You closely miss the ogre. You tentacle-slap the ogre.
The ogre is almost dead.
The ogre hits you with a +0 giant club!!
The iguana bites you but does no damage.
Unknown command.
You barely miss the ogre.
The ogre is almost dead.
The ogre hits you with a +0 giant club!!
Ouch! That really hurt!
You die...
Your body crumbles into a pile of gold.

$......#...##...............#
............................#
....#......................##
....# ..............##...##
.....# ..........#########
...#.# .........## ...#..#
....#...##### ...# ..
.#......#O..##.. .....
........hl...... .....
................ #
....##..........
##....#.........
###............ ####.....##..
##.#### # #..


You could see an ogre and an iguana.

Vanquished Creatures
  2 black bears
  Blork the orc (D:5)
  2 scorpions (D:4)
  6 killer bees (D:5)
  2 bombardier beetles
  A hound (D:5)
  An iguana (D:3)
  2 sleepcaps (D:4)
  An orc wizard (D:3)
  10 adders
  3 ribbon worms
  3 dart slugs
  7 orcs
  16 endoplasms
  2 giant cockroaches
  7 goblins
  6 hobgoblins
  4 jackals
  5 kobolds
  8 quokkas
  5 ball pythons
  6 bats
  3 frilled lizards
  5 rats
108 creatures vanquished.

Notes
Turn   | Place    | Note
-------+----------+-------------------------------------------
     0 | D:1      | Ceno the Octopode Shapeshifter began the quest for the Orb.
     0 | D:1      | Reached XP level 1. HP: 13/13 MP: 1/1
   110 | D:1      | Reached XP level 2. HP: 18/18 MP: 2/2
   185 | D:1      | Found Duanludi's General Store.
   464 | D:1      | Reached XP level 3. HP: 23/23 MP: 3/3
   813 | D:2      | Reached XP level 4. HP: 25/29 MP: 4/4
   928 | D:2      | Found Nowoag's Armour Shoppe.
  1023 | D:3      | Reached skill level 4 in Shapeshifting
  1351 | D:3      | Noticed a black bear
  1351 | D:3      | Noticed a +0 short sword
  1352 | D:3      | Noticed a +0 falchion
  1356 | D:3      | Reached XP level 5. HP: 31/34 MP: 5/5
  1356 | D:3      | Noticed a +0 short sword
  1395 | D:2      | HP: 1/35 [poisoned by an adder]
  1570 | D:3      | Killed a black bear
  1635 | D:3      | Noticed a +0 falchion
  1635 | D:3      | Noticed a +0 dagger
  1635 | D:3      | Noticed a +0 spear
  1636 | D:3      | Noticed a +0 spear
  1639 | D:3      | Noticed a +0 dagger
  1643 | D:3      | Reached XP level 6. HP: 38/41 MP: 6/6
  1672 | D:3      | Found a hide-covered altar of Uskayaw.
  1856 | D:4      | Reached skill level 5 in Shapeshifting
  1866 | D:4      | Found a staircase to the Ecumenical Temple.
  1878 | Temple   | Entered the Ecumenical Temple
  1953 | Temple   | Became a worshipper of Gozag Ym Sagoz the Greedy
  2434 | D:4      | Reached XP level 7. HP: 46/46 MP: 7/7
  2703 | D:4      | Found a runed translucent door.
  2704 | D:4      | Noticed Crazy Yiuf
  2899 | D:5      | Entered Level 5 of the Dungeon
  2950 | D:5      | Noticed Sigmund
  2985 | D:5      | Reached skill level 6 in Shapeshifting
  3086 | D:5      | Noticed Blork the orc
  3093 | D:5      | Reached skill level 5 in Unarmed Combat
  3097 | D:5      | Killed Blork the orc
  3260 | D:5      | Reached XP level 8. HP: 43/54 MP: 8/8
  3277 | D:5      | HP: 4/81 [poisoned by a killer bee]
  3512 | D:5      | Slain by an ogre

Illustrated notes

Levels and vault maps discovered:
D:1:      lightli_arrival_statue_moat, layout_rooms, serial_shops,
          nicolae_shop_tiny_glass, grunt_decor_arrowhead, minivault_14,
          minmay_misc_feat_more_columns
D:2:      layout_rooms, serial_shops, shop
D:3:      layout_rooms, nicolae_uskayaw_en_pointe
D:4:      layout_basic, minmay_temple_entry_overgrown, uniq_crazy_yiuf_cottage
D:5:      layout_rooms, uniq_blork_the_orc, uniq_sigmund, uniq_prince_ribbit1
Temple:   hellmonk_temple_rainy

Skill      XL: |  1  2  3  4  5  6  7 |
---------------+----------------------+-----
Fighting       | 2 3 4 |  4.6
Shapeshifting  | 4 5 6 |  6.8
Unarmed Combat | 4 5 |  5.4
Dodging        | |  2.0

Action                     |  1- 3 |  4- 6 |  7- 9 || total
---------------------------+-------+-------+-------++-------
  Melee: Unarmed           |    68 |   104 |    65 ||   237
         Constrict         |    18 |    24 |    11 ||    53
         Tentacles         |    11 |    19 |    12 ||    42
         Punch             |     1 |     4 |     3 ||     8
  Throw: Stone             |     1 |     1 |     5 ||     7
    Use: Scroll            |     2 |     2 |     1 ||     5
         Potion            |       |       |     2 ||     2
   Stab: Sleeping          |    11 |     5 |     2 ||    18
 Armour: Skin              |    21 |    53 |    56 ||   130
  Dodge: Dodged            |    17 |    62 |    28 ||   107

Table legend: (Time is in decaauts)
 A = Elapsed time spent in this place.
 B = Non-inter-level travel time spent in this place.
 C = Inter-level travel time spent in this place.
 D = Time resting spent in this place.
 E = Time spent auto-exploring this place.
 F = Levels seen in this place.
 G = Mean time per level.
                   A        B        C        D        E       F      G
               +--------+--------+--------+--------+--------+-----+--------+
         Total |   3497 |   3393 |    104 |    589 |   1763 |   6 |  582.8 |
       Dungeon |   3300 |   3203 |     97 |    412 |   1763 |   5 |  660.0 |
        Temple |    196 |    189 |      7 |    177 |      0 |   1 |  196.0 |
               +--------+--------+--------+--------+--------+-----+--------+

Top non-repeatable levels by time:
     D:4: 891 daAuts
     D:3: 644 daAuts
     D:5: 607 daAuts
     D:2: 580 daAuts
     D:1: 576 daAuts
  Temple: 196 daAuts
